 Dungeon Crawl Stone Soup version 0.28.0-1-gb440e238dd (webtiles) character file.

Game seed: 10114516926116086480

188 fragbeetle the Changer (level 5, -2/60 HPs)
             Began as a Draconian Transmuter on Feb 25, 2022.
             Succumbed to a kobold's poison
             ... in a sewer.
             The game lasted 00:05:13 (2489 turns).

fragbeetle the Changer (Draconian Transmuter)       Turns: 2489, Time: 00:05:13

Health: -2/60      AC: 22    Str: 14    XL:     5   Next: 39%
Magic:  6/8        EV:  2    Int: 13    God:
Gold:   16         SH:  0    Dex: 12    Spells: 4/8 levels left

rFire   . . .      SeeInvis .     - Unarmed
rCold   . . .      Faith    .   (no shield)
rNeg    . . .      Spirit   .   (armour unavailable)
rPois   +          Reflect  .   (helmet currently unavailable)
rElec   .          Harm     .   (cloak currently unavailable)
rCorr   .          Rampage  .   (gloves currently unavailable)
Will    .....      NoTele   +   (boots currently unavailable)
Stlth   +.........              (no amulet)
HPRegen 0.20/turn               d - ring of flight
MPRegen 0.11/turn               (no ring)

@: lethally poisoned (-2 -> -12), tree-form, attractive
A: stationary, stasis, torment immunity, boosted hp, AC +5, unfitting armour,
(cold-blooded)
a: no special abilities


You were in a sewer.
You were a tree.
You visited 1 branch of the dungeon, and saw 3 of its levels.
You also visited: Sewer.

You collected 16 gold pieces.

Inventory:

Missiles
 g - 18 sling bullets
 h - 2 javelins
Jewellery
 d - a ring of flight (left branch)
Scrolls
 b - a scroll of identify {unknown}
 e - a scroll of teleportation {unknown}
 f - a scroll of blinking {unknown}
Potions
 c - a potion of attraction


   Skills:
 - Level 1.1 Fighting
 - Level 1.7 Dodging
 - Level 4.0 Unarmed Combat
 - Level 2.0 Spellcasting
 + Level 4.1 Transmutations
 + Level 2.5 Poison Magic


You had 4 spell levels left.
You knew the following spells:

 Your Spells              Type           Power      Damage    Failure   Level
a - Beastly Appendage     Tmut           24%        N/A       4%          1
b - Spider Form           Tmut/Pois      10%        N/A       19%         3

Your spell library contained the following spells:

 Spells                   Type           Power      Damage    Failure   Level
 Wereblood                Tmut           12%        N/A       7%          2
 Shock                    Conj/Air       4%         1d3       26%         1
 Swiftness                Air            1%         N/A       58%         3
 Ice Form                 Ice/Tmut       6%         N/A       71%         4
 Airstrike                Air            0%         N/A       94%         4


Dungeon Overview and Level Annotations

Branches:
Dungeon (3/15)              Sewer (1/1)

Altars:


Innate Abilities, Weirdness & Mutations

You are a tree.
Your roots penetrate the ground, keeping you stationary.
You cannot be teleported.
You are immune to unholy pain and torment.
Your maximum health is greatly increased.
Your equipment is partially melded.
((Your plain brown scales are hard. (AC +5)))
You cannot fit into any form of body armour.
((You are cold-blooded and may be slowed by cold attacks.))


Message History

The kobold hits you but does no damage. The kobold misses you.
You barely miss the kobold.
You feel sick. The kobold completely misses you.
The kobold hits you with a +1 dagger of venom.
You are lethally poisoned!
You hit the kobold.
You kill the kobold!
You feel extremely sick. The kobold barely misses you.
Unknown command.
You hit the kobold but do no damage.
The kobold is poisoned.
* * * LOW HITPOINT WARNING * * *
You feel very sick. The kobold closely misses you.
You hit the kobold.
You kill the kobold!
* * * LOW HITPOINT WARNING * * *
You feel very sick.
Unknown command.
There is a lethal amount of poison in your body!
It was a potion of attraction.
You feel attractive to monsters.
* * * LOW HITPOINT WARNING * * *
You feel very sick.
Unknown command.
It was a potion of lignification.
Your transformation has ended.
You turn into a tree.
Your roots penetrate the ground.
* * * LOW HITPOINT WARNING * * *
You feel very sick.
Unknown command.
Sorry, you're not good enough to have a special ability.
Unknown command.
Okay, then.
Sorry, you're not good enough to have a special ability.
Casting: Spider Form (dangerous; 19% risk of failure)
Confirm with . or Enter, or press ? or * to list all spells.
Okay, then.
There is a lethal amount of poison in your body!
There is a lethal amount of poison in your body!
You die...

#≈≈# #≈≈# #≈≈# #≈≈# #####
#≈≈# ##### #∩..#
#≈≈###########...######..
#≈≈#..#..##........#####.
#≈≈#...).#...........##..
#≈≈##..)♣'...............
#≈≈#...).#≈≈...≈.........
#≈≈#..#..#≈≈≈≈≈≈≈...≈≈..≈
#≈≈#######≈≈≈≈≈≈≈≈≈≈≈≈≈≈≈
#≈≈≈≈≈≈≈≈≈≈≈≈≈≈≈≈≈≈≈≈≈≈≈≈
#≈≈≈≈≈≈≈≈≈≈≈≈≈≈≈≈≈≈≈≈≈≈≈≈
#≈≈≈≈≈≈≈≈≈≈≈≈≈≈≈≈≈≈≈≈≈≈≈≈
#≈≈≈≈≈≈≈≈≈≈≈≈≈≈≈≈≈≈≈≈≈≈≈≈
#≈≈≈≈≈≈≈≈≈≈≈≈≈≈≈≈≈##≈..÷.


There were no monsters in sight!

Vanquished Creatures
  7 adders
  6 river rats (Sewer)
  An adder skeleton (D:2)
  A worm (D:2)
  A dart slug (D:1)
  2 endoplasms (D:1)
  5 goblins (D:1)
  3 hobgoblins
  5 jackals (D:1)
  2 quokkas (D:1)
  6 ball pythons
  3 bats
  A frilled lizard (Sewer)
  5 kobolds
  29 rats
77 creatures vanquished.

Notes
Turn   | Place    | Note
-------+----------+-------------------------------------------
     0 | D:1      | fragbeetle the Draconian Transmuter began the quest for the
                  | Orb.
     0 | D:1      | Reached XP level 1. HP: 16/16 MP: 3/3
    68 | D:1      | Reached XP level 2. HP: 23/23 MP: 3/5
   797 | D:2      | Reached XP level 3. HP: 28/28 MP: 4/6
  1222 | D:2      | You are sucked into a shaft and drop 1 floor!
  1321 | D:3      | Learned a level 3 spell: Spider Form
  1337 | D:3      | Found a glowing drain.
  1367 | Sewer    | Entered a sewer
  1547 | Sewer    | Reached XP level 4. HP: 27/35 MP: 5/7
  1647 | Sewer    | Reached skill level 1 in Poison Magic
  1883 | Sewer    | Reached XP level 5. HP: 24/40 MP: 6/8
  2487 | Sewer    | HP: 2/40 [poisoned by a kobold]
  2489 | Sewer    | Succumbed to a kobold's poison

Illustrated notes

Levels and vault maps discovered:
D:1:      eino_arrival_water_star, layout_rooms
D:2:      layout_basic, serial_undead, serial_undead_a, serial_undead_e,
          serial_undead_c, serial_undead_c, serial_undead_d,
          hellmonk_ecumenical_altar_defaced_shrine,
          hangedman_decor_clover_reticule
D:3:      layout_loops_ring, cheibrodos_sewer_entry_drain,
          guppyfry_early_orc_mine
Sewer:    sewer_minmay_treatment

Skill      XL: |  1  2  3  4  5 |
---------------+----------------+-----
Transmutations | 3 4 |  4.1
Unarmed Combat | 4 |  4.0
Poison Magic   | 2 |  2.5
Fighting       | |  1.1
Dodging        | |  1.7
Spellcasting   | |  2.0

Action                   |  1- 3 |  4- 6 || total
-------------------------+-------+-------++-------
Melee: Unarmed           |   105 |    98 ||   203
       Kick              |    18 |    16 ||    34
       Tailslap          |     7 |     7 ||    14
       Headbutt          |     9 |     9 ||    18
       Punch             |     4 |     1 ||     5
 Cast: Beastly Appendage |    21 |    11 ||    32
       Spider Form       |       |     1 ||     1
  Use: Potion            |       |     2 ||     2
Armor: Skin              |    22 |    30 ||    52
Dodge: Dodged            |    53 |    59 ||   112
